 Dungeon Crawl Stone Soup version 0.22.0-18-ge075c0d (webtiles) character file.

44 letownia2 the Insei (level 3, 0/28 HPs)
             Began as a Demonspawn Transmuter on Aug 18, 2018.
             Slain by a gnoll
             ... wielding a +0 whip
              (8 damage)
             ... on level 3 of the Dungeon.
             The game lasted 00:03:18 (619 turns).

letownia2 the Insei (Demonspawn Transmuter)          Turns: 619, Time: 00:03:19

Health: 0/28       AC:  2    Str: 11    XL:     3   Next: 41%
Magic:  3/6        EV: 12    Int: 14    God:
Gold:   29         SH:  0    Dex: 13    Spells: 3/6 levels left

rFire    . . .     SeeInvis .     - Unarmed
rCold    . . .     Gourm    .   (no shield)
rNeg     . . .     Faith    .   b - +0 robe
rPois    .         Spirit   .   (no helmet)
rElec    .         Reflect  .   (no cloak)
rCorr    .         Harm     .   (no gloves)
MR       .....                  (no boots)
Stlth    +.........             (no amulet)
HPRegen  0.09/turn              (no ring)
MPRegen  0.10/turn              (no ring)

@: appendage (expiring)
A: horns 2, talons 1
a: End Transformation


You were on level 3 of the Dungeon.
You were not hungry.
You had grown temporary horns.
You visited 1 branch of the dungeon, and saw 3 of its levels.

You collected 29 gold pieces.

Inventory:

Missiles
 a - 32 arrows
 f - 5 javelins (quivered)
Armour
 b - a +0 robe (worn)
Scrolls
 c - a scroll of remove curse
 e - a scroll of magic mapping {unknown}
 g - a scroll of identify {unknown}
Comestibles
 d - 3 rations


   Skills:
 + Level 2.4 Fighting
 - Level 1.7 Dodging
 + Level 3.4 Unarmed Combat
 - Level 2.0 Spellcasting
 - Level 1.7 Transmutations


You had 3 spell levels left.
You knew the following spells:

 Your Spells              Type           Power        Failure   Level  Hunger
a - Beastly Appendage     Tmut           #.....       12%         1    ##.....
l - Sticks to Snakes      Tmut           #.......     17%         2    ###....

Your spell library contained the following spells:

 Spells                   Type           Power        Failure   Level  Hunger
 Spider Form              Tmut/Pois      #.........   45%         3    ####...
 Ice Form                 Ice/Tmut       #.......     86%         4    #####..
 Blade Hands              Tmut           #.........   97%         5    ######.


Dungeon Overview and Level Annotations

Branches:
Dungeon (3/15)

Altars:

Annotations:
D:1 Terence
D:2 Natasha


Innate Abilities, Weirdness & Mutations

You have sharp toenails.
You have a pair of horns on your head.


Message History

The gnoll is heavily wounded.
The gnoll hits you with a flail.
Your ball python bites the gnoll but does no damage.
Your ball python grabs the gnoll.
Your ball python constricts the gnoll.
Unknown command.
You hit the gnoll. You claw the gnoll. You headbutt the gnoll.
You kill the gnoll!
The gnoll hits you with a whip.
* * * LOW HITPOINT WARNING * * *
Unknown command.
You hit the gnoll but do no damage. Your kick misses the gnoll.
Your punch misses the gnoll. The gnoll closely misses you.
Your ball python bites the gnoll.
Your ball python grabs the gnoll.
Your ball python constricts the gnoll.
Unknown command.
You hit the gnoll but do no damage. You claw the gnoll, but do no damage.
The gnoll is lightly wounded.
Your transformation is almost over.
The gnoll hits you with a whip!
You die...

# . #. .# .## #g
..# #. ###.#.# #(
## #... .#. #.##
##.## #.# ##
#.####...####g#
#.##...........S@#
#.#........######
#....(...##
#............
#........####
#........#
###........#
.†...#####.#
....## #.#


You could see a gnoll and a friendly ball python.

Vanquished Creatures
  A gnoll (D:3)
  2 dart slugs
  3 orcs (D:3)
  4 giant cockroaches
  3 goblins (D:1)
  3 hobgoblins (D:1)
  4 bats (D:1)
  3 frilled lizards
  2 kobolds (D:1)
  4 rats (D:1)
29 creatures vanquished.

Notes
Turn   | Place    | Note
-------+----------+-------------------------------------------
     0 | D:1      | letownia2 the Demonspawn Transmuter began the quest for the Orb.
     0 | D:1      | Reached XP level 1. HP: 15/15 MP: 3/3
   139 | D:1      | Reached skill level 3 in Unarmed Combat
   139 | D:1      | Mutation became permanent: You have razor-sharp toenails. [demonic ancestry]
   139 | D:1      | Gained mutation: You have claws for feet. [demonic ancestry]
   139 | D:1      | Reached XP level 2. HP: 21/21 MP: 3/5
   219 | D:2      | Noticed Natasha
   349 | D:2      | Noticed Terence
   376 | D:1      | Learned a level 2 spell: Sticks to Snakes
   568 | D:3      | Reached XP level 3. HP: 14/27 MP: 2/6
   619 | D:3      | Slain by a gnoll

Skill      XL: |  1  2 |
---------------+-------+-----
Unarmed Combat | 3 |  3.4
Fighting       | 2 |  2.4
Dodging        | |  1.7
Spellcasting   | |  2.0
Transmutations | |  1.7

Action                   || total
-------------------------++-------
Melee: Unarmed           ||    69
       Kick              ||    11
       Headbutt          ||     5
Throw: Javelin           ||     1
 Cast: Beastly Appendage ||    15
       Sticks to Snakes  ||     2
  Use: Scroll            ||     2
 Stab: Sleeping          ||     1
Armor: Robe              ||    12
Dodge: Dodged            ||    33
